 Dungeon Crawl Stone Soup version 0.18.1-2-ga659475 (webtiles) character file.

251 Hubbles the Twirler (level 5, 0/41 HPs)
             Began as a Demigod Wanderer on May 8, 2016.
             Succumbed to willcat's ghost's poison
             ... on level 3 of the Dungeon.
             The game lasted 00:05:22 (2293 turns).

Hubbles the Twirler (Demigod Wanderer)              Turns: 2293, Time: 00:05:22

Health: 0/41       AC:  8    Str: 23    XL:     5   Next: 57%
Magic:  8/8        EV: 10    Int: 15    God:
Gold:   104        SH:  0    Dex: 15    Spells: 0 memorised, 4 levels left

rFire  . . .     SeeInvis .     a - +1 quarterstaff
rCold  . . .     Gourm    .     l - +2 scale mail
rNeg   . . .     Faith    .     (shield currently unavailable)
rPois  .         Spirit   .     (no helmet)
rElec  .         Dismiss  .     (no cloak)
rCorr  .         Reflect  .     (no gloves)
SustAt +         Harm     .     (no boots)
MR     .....                    (no amulet)
Stlth  ..........               (no ring)
                                (no ring)

@: mighty, lethally poisoned (0 -> -8), not resistant to hostile enchantments,
extremely unstealthy
A: high mp 1, sustain attributes
a: no special abilities


You were on level 3 of the Dungeon.
You were hungry.

You visited 1 branch of the dungeon, and saw 3 of its levels.

You collected 104 gold pieces.

Inventory:

Hand Weapons
 a - a +1 quarterstaff (weapon)
 b - a +0 hunting sling
Armour
 c - a +0 shield
 e - a +0 leather armour
 l - a +2 scale mail (worn)
Scrolls
 h - a scroll of fog
Potions
 i - a potion of might
Comestibles
 d - 2 bread rations
 k - a slice of pizza


   Skills:
 - Level 1.7 Fighting
 * Level 5.7 Staves
 - Level 2.6 Armour
 - Level 1.0 Dodging
 - Level 1.0 Shields
   Level 1.0 Evocations


You had 4 spell levels left.
You didn't know any spells.

Dungeon Overview and Level Annotations

Branches:
Dungeon (3/15)


Innate Abilities, Weirdness & Mutations

You have an increased reservoir of magic (+10% MP).
Your attributes are resistant to harm.


Message History

* * * LOW HITPOINT WARNING * * *
You feel sick.
* * * LOW HITPOINT WARNING * * *
You feel sick.
* * * LOW HITPOINT WARNING * * *
You feel sick.
* * * LOW HITPOINT WARNING * * *
You feel sick.
* * * LOW HITPOINT WARNING * * *
You feel sick.
You see here a scroll of immolation.
* * * LOW HITPOINT WARNING * * *
You feel sick.
* * * LOW HITPOINT WARNING * * *
You feel sick.
* * * LOW HITPOINT WARNING * * *
You feel sick.
* * * LOW HITPOINT WARNING * * *
You feel sick.
You die...

#. #.#.############## #.
#.# #. #.# #. #.# #. #(#
#.### #####.#.#
.###...#####.....#)####..#
.............#####......#
######.###†..?..@..####..#
#.# #.#######.# #.# #.#
#.# #.# #.# #.# #.# #.#
#.# #.# #.# ... #.# #.#
.#. #># #.# . . #.#


There were no monsters in sight!

Vanquished Creatures
  An ogre (D:3)
  The ghost of willcat the Vexing, an amateur DEAM of Nemelex Xobeh (D:3)
  3 adders
  An ooze (D:1)
  A dart slug (D:2)
  A giant gecko (D:1)
  5 orcs (D:3)
  4 giant cockroaches
  7 goblins
  5 hobgoblins
  A jackal (D:1)
  A ball python (D:1)
  8 bats
  6 giant newts
  6 kobolds
  11 rats
62 creatures vanquished.

Notes
Turn   | Place    | Note
--------------------------------------------------------------
     0 | D:1      | Hubbles the Demigod Wanderer began the quest for the Orb.
     0 | D:1      | Hubbles set off with: a +2 scale mail, a +0 quarterstaff, a +0 shield, a bread ration
     0 | D:1      | Reached XP level 1. HP: 17/17 MP: 3/3
     3 | D:1      | Noticed an electric eel
     3 | D:1      | Noticed an electric eel
    26 | D:1      | Reached skill level 2 in Staves
   220 | D:1      | Reached XP level 2. HP: 20/24 MP: 5/5
   616 | D:1      | Reached skill level 3 in Staves
  1005 | D:2      | Reached XP level 3. HP: 29/29 MP: 6/6
  1152 | D:2      | Found a snail-covered altar of Cheibriados.
  1544 | D:2      | Found a glowing golden altar of the Shining One.
  1789 | D:2      | Reached skill level 4 in Staves
  1888 | D:3      | Reached XP level 4. HP: 36/36 MP: 7/7
  1936 | D:3      | Noticed an ogre
  1945 | D:3      | Killed an ogre
  1945 | D:3      | Reached skill level 5 in Staves
  1945 | D:3      | Reached XP level 5. HP: 20/41 MP: 8/8
  2252 | D:3      | Noticed willcat's ghost (amateur DEAM)
  2267 | D:3      | Killed willcat's ghost
  2289 | D:3      | HP: 2/41 [poisoned by willcat's ghost]
  2293 | D:3      | Succumbed to willcat's ghost's poison

Skill      XL: |  1  2  3  4 |
---------------+-------------+-----
Staves         | 2 3 4 5 |  5.7
Fighting       | |  1.7
Armour         | |  2.6
Dodging        | |  1.0
Shields        | |  1.0
Evocations     | |  1.0

Action                   |  1- 3 |  4- 6 || total
-------------------------+-------+-------++-------
Melee: Quarterstaff      |   147 |    39 ||   186
  Use: Scroll            |     5 |     2 ||     7
       Potion            |       |     3 ||     3
  Eat: Chunk             |     3 |     1 ||     4
Armor: Scale mail        |    85 |    20 ||   105
Dodge: Dodged            |    78 |    25 ||   103
